 Dungeon Crawl Stone Soup version 0.23-a0-175-g97aacdb (webtiles) character file.

313 rayofluck the Slicer (level 6, -8/55 HPs)
             Began as a Kobold Berserker on Sept 17, 2018.
             Was a Priest of Trog.
             Killed by nerve-wracking pain
             ... invoked by Grinder
              (10 damage)
             ... on level 4 of the Dungeon.
             The game lasted 00:13:23 (2920 turns).

rayofluck the Slicer (Kobold Berserker)             Turns: 2920, Time: 00:13:23

Health: -8/55      AC: 11    Str: 19    XL:     6   Next: 71%
Magic:  6/6        EV: 12    Int:  9    God:    Trog [***...]
Gold:   201        SH:  0    Dex: 16    Spells: 5/5 levels left

rFire    + + .     SeeInvis .   d - +3 dagger (holy)
rCold    x . .     Gourm    .   (shield restricted)
rNeg     . . .     Faith    .   h - +0 fire dragon scales
rPois    .         Spirit   .   m - +2 hat
rElec    .         Reflect  .   j - scarf {repulsion}
rCorr    .         Harm     .   (no gloves)
MR       .....                  i - +0 pair of boots
Stlth    ..........             (no amulet)
HPRegen  0.18/turn              (no ring)
MPRegen  0.10/turn              (no ring)

@: berserking, repel missiles, very quick
A: small, carnivore
a: Berserk, Trog's Hand, Renounce Religion


You were on level 4 of the Dungeon.
You worshipped Trog.
Trog was most pleased with you.
You were very full.

You visited 1 branch of the dungeon, and saw 4 of its levels.

You collected 201 gold pieces.

Inventory:

Hand Weapons
 d - a +3 dagger of holy wrath (weapon)
 f - a +0 club
Armour
 h - +0 fire dragon scales (worn)
 i - a +0 pair of boots (worn)
 j - a scarf of repulsion (worn)
 m - a +2 hat (worn)
Scrolls
 a - a scroll of magic mapping
 b - a scroll of teleportation
 e - 2 scrolls of blinking
 k - a scroll of identify
 l - a scroll of remove curse
 n - 2 scrolls of immolation
Potions
 g - a potion of flight
Comestibles
 c - 5 rations


   Skills:
 - Level 3.2 Fighting
 + Level 9.2 Short Blades
 - Level 1.5 Armour
 - Level 2.4 Dodging


You had 5 spell levels left.
You didn't know any spells.
Your spell library contained the following spells:

 Spells                   Type           Power        Failure   Level  Hunger
 Magic Dart               Conj           #...         85%         1    ##.....
 Blink                    Tloc           N/A          94%         2    ###....
 Call Imp                 Summ           #.......     94%         2    ###....
 Slow                     Hex            #.......     94%         2    ###....
 Conjure Flame            Conj/Fire      #.......     99%         3    ####...
 Mephitic Cloud           Conj/Pois/Air  #.......     99%         3    ####...


Dungeon Overview and Level Annotations

Branches:
Dungeon (4/15)
 Temple: D:4-7

Altars:
Ashenzari
Fedhas
Qazlal
Vehumet

Annotations:
D:4 Grinder


Innate Abilities, Weirdness & Mutations

You are small and have problems with some larger weapons.
You are carnivorous and can eat meat at any time.


Message History

The iguana barely misses you. Grinder gestures at you.
Pain shoots through your body!
* * * LOW HITPOINT WARNING * * *
You hit the iguana.
The iguana is severely wounded.
You hit the iguana.
The iguana is almost dead.
You puncture the iguana!
You kill the iguana!
Trog accepts your kill.
Your fire dragon scales prevents you from hitting Grinder.
Grinder is lightly wounded.
You puncture Grinder!
Grinder convulses.
Grinder is heavily wounded.
You puncture Grinder!
Grinder convulses.
Grinder is almost dead.
Grinder gestures at you. Pain shoots through your body!
You die...

#. #. #. ##. ..
#. #.#### #.
.#####<...#
##.........5#
....######@# #
#..######.#!#.#
###.......(.....#
$.............###
##.###.###.###
#.# #.# #.# #.#
#.# #.# #)# #.#


You could see Grinder.

Vanquished Creatures
  A phantom (D:4)
  A howler monkey (D:4)
  An iguana (D:4)
  3 gnolls (D:3)
  4 adders
  3 worms (D:3)
  2 dart slugs
  4 leopard geckos
  4 orcs (D:3)
  2 ball pythons
  2 giant cockroaches
  6 hobgoblins
  5 jackals
  8 kobolds
  A quokka (D:2)
  9 bats
  8 frilled lizards
  9 goblins
  A leopard gecko skeleton (D:4)
  10 rats
84 creatures vanquished.

Notes
Turn   | Place    | Note
-------+----------+-------------------------------------------
     0 | D:1      | rayofluck the Kobold Berserker began the quest for the Orb.
     0 | D:1      | Reached XP level 1. HP: 14/14 MP: 1/1
     6 | D:1      | Noticed a black bear
     6 | D:1      | Noticed a worker ant
     6 | D:1      | Noticed a hound
     7 | D:1      | Noticed a swamp drake
     7 | D:1      | Noticed an anaconda
   132 | D:1      | Reached XP level 2. HP: 17/19 MP: 2/2
   554 | D:1      | Reached skill level 5 in Short Blades
   638 | D:1      | Reached XP level 3. HP: 23/23 MP: 3/3
   933 | D:1      | Reached ** piety under Trog
  1282 | D:2      | Found a radiant altar of Vehumet.
  1493 | D:2      | Reached skill level 6 in Short Blades
  1538 | D:2      | Found a shattered altar of Ashenzari.
  1687 | D:2      | Reached XP level 4. HP: 28/28 MP: 4/4
  2004 | D:3      | Reached skill level 7 in Short Blades
  2004 | D:3      | Reached XP level 5. HP: 29/32 MP: 5/5
  2325 | D:3      | Found a blossoming altar of Fedhas.
  2332 | D:3      | Found a stormy altar of Qazlal.
  2452 | D:3      | Reached *** piety under Trog
  2726 | D:4      | Noticed a phantom
  2750 | D:4      | Killed a phantom
  2750 | D:4      | Reached skill level 8 in Short Blades
  2750 | D:4      | Reached XP level 6. HP: 25/37 MP: 6/6
  2899 | D:4      | Reached skill level 9 in Short Blades
  2900 | D:4      | Noticed Grinder
  2909 | D:4      | Paralysed by Grinder for 5 turns
  2914 | D:4      | HP: 1/55 [Grinder/nerve-wracking pain (14)]
  2920 | D:4      | Killed from afar by Grinder

Vault maps used:
D:1:      onia_arrival_zoo_common, hangedman_feature_mirror
D:2:      lemuel_coloured_pillars_altar, overflow_temple_1_default,
          minmay_tiny_reverse_x
D:3:      grunt_temple_overflow_forces_of_nature, minivault_19
D:4:      temple_statues, first_ration, uniq_grinder

Skill      XL: |  1  2  3  4  5  6 |
---------------+-------------------+-----
Short Blades   | 5 6 7 8 9 |  9.2
Fighting       | |  3.2
Armour         | |  1.5
Dodging        | |  2.4

Action                   |  1- 3 |  4- 6 || total
-------------------------+-------+-------++-------
Melee: Short sword       |   133 |    56 ||   189
       Dagger            |       |   140 ||   140
Invok: Berserk           |     2 |     1 ||     3
  Use: Scroll            |     7 |     4 ||    11
       Potion            |     5 |     1 ||     6
 Stab: Sleeping          |     1 |       ||     1
       Invisible         |       |     2 ||     2
  Eat: Chunk             |    13 |     3 ||    16
Armor: Animal skin       |    20 |       ||    20
       Fire dragon scale |    14 |    36 ||    50
Dodge: Dodged            |    89 |    75 ||   164

Table legend:
 A = Non-vault XP
 B = Vault XP
 C = Vault XP percentage of total XP
 D = Non-vault monster count
 E = Vault monster count
 F = Vault count percentage of total count
                 A         B        C        D         E       F
            +---------+---------+-------+---------+---------+-------
      Total |     444 |       4 |   0.9 |      82 |       2 |   2.4
            +---------+---------+-------+---------+---------+-------
        D:1 |      49 |       0 |   0.0 |      30 |       0 |   0.0
        D:2 |      37 |       4 |   9.8 |      15 |       2 |  11.8
        D:3 |     125 |       0 |   0.0 |      32 |       0 |   0.0
        D:4 |     233 |       0 |   0.0 |       5 |       0 |   0.0
            +---------+---------+-------+---------+---------+-------
